[Event "Titled Tuesday Blitz June 13 Late 2023"]
[White "Simonian, Hrair"]
[Black "Van Foreest, Jorden"]
[WhiteFideId "13302337"]
[BlackFideId "1039784"]
[WhiteElo "2447"]
[BlackElo "2633"]
[Result "1-0"]
[Round "3"]
[TimeControl "180+2"]
[Date "2023.06.13"]
[WhiteClock "0:01:21"]
[BlackClock "0:00:08"]
[Board "15"]

1. e4 e5 2. Nf3 Nc6 3. Bb5 Nf6 4. O-O d6 5. d4 exd4 6. Nxd4 Bd7 7. Bxc6 bxc6 8. Re1 Be7 9. Nf5 Bxf5 10. exf5 O-O 11. Qf3 d5 12. b3 Re8 13. Bb2 Bb4 14. Nc3 Qd7 15. h3 h6 16. Rxe8+ Rxe8 17. Na4 Ne4 18. Rd1 Bd6 19. c4 Be5 20. Bc1 d4 21. g3 Bf6 22. Kg2 Bg5 23. Ba3 Bf6 24. Nc5 Nxc5 25. Bxc5 a6 26. Rd3 Re1 27. Qg4 Qe8 28. Bxd4 Re4 29. Qd1 Re1 30. Qf3 Bxd4 31. Rxd4 Qe5 32. Rd8+ Kh7 33. f6 gxf6 34. Qg4 Qg5 35. Qxg5 hxg5 36. Ra8 Kg6 37. Rxa6 Re6 38. Ra7 Re2 39. Rxc7 Rxa2 40. Rxc6 Rb2 41. Rb6 Kf5 42. c5 Rc2 43. b4 Ke5 44. c6 f5 45. Rb5+ Kd6 46. Rc5 Rxc5 47. bxc5+ Kxc6 48. h4 1-0


[Site "https://www.chess.com"]

[Event "Titled Tuesday Blitz June 13 Late 2023"]
[White "Eljanov, Pavel"]
[Black "Nazari, Arad"]
[WhiteFideId "14102951"]
[BlackFideId "12577324"]
[WhiteElo "2598"]
[BlackElo "2175"]
[Result "1-0"]
[Round "3"]
[TimeControl "180+2"]
[Date "2023.06.13"]
[WhiteClock "0:00:17"]
[BlackClock "0:00:04"]
[Board "16"]

1. d4 Nf6 2. c4 g6 3. Nc3 d5 4. cxd5 Nxd5 5. e4 Nxc3 6. bxc3 Bg7 7. Nf3 c5 8. h3 Qa5 9. Bd2 O-O 10. Be2 Nc6 11. O-O Qa3 12. d5 Ne5 13. Qc2 e6 14. Nxe5 Bxe5 15. f4 Bc7 16. c4 b5 17. Rf3 Qa4 18. Qxa4 bxa4 19. Ra3 Bd7 20. e5 f6 21. d6 Bb6 22. Bc3 fxe5 23. Bxe5 Ba5 24. Rb1 Rab8 25. Rb5 Bd2 26. Rxa4 Rbd8 27. g3 Bxb5 28. cxb5 g5 29. Bc4 Kf7 30. Rxa7+ Kg6 31. Bd3+ Rf5 32. g4 c4 33. Rg7+ Kh6 34. Bxf5 exf5 35. fxg5+ Bxg5 36. gxf5 c3 37. Rc7 Re8 38. Bxc3 Bf4 39. Rc6 Rd8 40. Bf6 Rd7 41. Be7 Kg7 42. b6 Kf7 43. Rc7 Ke8 44. Rxd7 Kxd7 45. f6 Be3+ 46. Kg2 Bxb6 47. f7 1-0


[Site "https://www.chess.com"]

[Event "Titled Tuesday Blitz June 13 Late 2023"]
[White "Vazquez, Guillermo"]
[Black "Zwirs, Nico"]
[WhiteFideId "3702308"]
[BlackFideId "1036432"]
[WhiteElo "2543"]
[BlackElo "2381"]
[Result "1-0"]
[Round "3"]
[TimeControl "180+2"]
[Date "2023.06.13"]
[WhiteClock "0:00:09"]
[BlackClock "0:00:13"]
[Board "17"]

1. b3 d5 2. Bb2 c5 3. e3 Nf6 4. Nf3 e6 5. c4 Nc6 6. cxd5 exd5 7. d4 cxd4 8. Nxd4 Bb4+ 9. Bc3 a5 10. a3 Bd6 11. Nd2 O-O 12. Be2 Nxd4 13. Bxd4 Qe7 14. O-O Bf5 15. Nf3 Ne4 16. Bb2 Rfd8 17. Qd4 Qf6 18. Qxf6 Nxf6 19. Bxf6 gxf6 20. Nd4 Be6 21. Nb5 Be7 22. Bd3 Rdc8 23. Rfc1 Rc6 24. h3 Rac8 25. Rd1 Rb6 26. a4 Bd7 27. Rac1 Rxc1 28. Rxc1 Rc6 29. Rd1 Rc5 30. g4 h6 31. Kg2 h5 32. gxh5 Kg7 33. Nd4 Kh6 34. Bf5 Bc6 35. Bg4 Bf8 36. Kf3 Rc3 37. Ke2 Bc5 38. Rd3 Bxd4 39. exd4 Rxd3 40. Kxd3 Kg5 41. f4+ Kh6 42. Bf3 f5 43. Kc3 b6 44. Kb2 f6 45. Ka3 Be8 46. Bxd5 Kxh5 47. Be6 Bg6 48. d5 Be8 49. d6 Kh4 50. Bxf5 Kg3 51. d7 Bxd7 52. Bxd7 Kxf4 53. Kb2 f5 54. Kc3 Kg5 55. Kd2 f4 56. Ke2 Kh4 57. Kf3 1-0


[Site "https://www.chess.com"]

[Event "Titled Tuesday Blitz June 13 Late 2023"]
[White "Papasimakopoulos, Alexandros"]
[Black "Bortnyk, Olexandr"]
[WhiteFideId "4244125"]
[BlackFideId "14120828"]
[WhiteElo "2359"]
[BlackElo "2733"]
[Result "0-1"]
[Round "3"]
[TimeControl "180+2"]
[Date "2023.06.13"]
[WhiteClock "0:00:38"]
[BlackClock "0:01:12"]
[Board "18"]

1. d4 Nf6 2. c4 b6 3. f3 Nc6 4. d5 Ne5 5. e4 e6 6. Be3 Bb4+ 7. Nc3 Qe7 8. Rc1 Ba6 9. Qa4 Bxc4 10. dxe6 fxe6 11. a3 Bxf1 12. Kxf1 Bxc3 13. Rxc3 c5 14. Ne2 O-O 15. Bf4 Ng6 16. Bg5 d5 17. exd5 exd5 18. Re3 Qd6 19. Bxf6 Qxf6 20. Qb3 Rad8 21. Kf2 Ne5 22. h3 c4 23. Qc3 d4 24. Nxd4 Nd3+ 25. Rxd3 cxd3 26. Nb5 Qh4+ 27. g3 Qe4 28. f4 Qxh1 0-1


[Site "https://www.chess.com"]

[Event "Titled Tuesday Blitz June 13 Late 2023"]
[White "Swiercz, Dariusz"]
[Black "Makridis, Dimitrios"]
[WhiteFideId "1126881"]
[BlackFideId "25864475"]
[WhiteElo "2620"]
[BlackElo "2277"]
[Result "1/2-1/2"]
[Round "3"]
[TimeControl "180+2"]
[Date "2023.06.13"]
[WhiteClock "0:00:10"]
[BlackClock "0:01:07"]
[Board "19"]

1. e4 c5 2. Nf3 Nf6 3. e5 Nd5 4. c3 Nc6 5. d4 cxd4 6. cxd4 d6 7. Bc4 e6 8. O-O Be7 9. Bd2 O-O 10. Nc3 Nxc3 11. Bxc3 dxe5 12. dxe5 b6 13. Qe2 Bb7 14. Rad1 Qc7 15. h4 Rad8 16. Bd3 Nb4 17. Bxb4 Bxb4 18. Bxh7+ Kxh7 19. Ng5+ Kh6 20. Qe3 Bc5 21. Qf4 Kg6 22. Qg4 Kh6 23. Qf4 Kg6 24. Qg4 Kh6 25. Qf4 1/2-1/2


[Site "https://www.chess.com"]

[Event "Titled Tuesday Blitz June 13 Late 2023"]
[White "Fisher_TheGalactic"]
[Black "Sanal, Vahap"]
[BlackFideId "6300545"]
[WhiteElo "2711"]
[BlackElo "2606"]
[Result "0-1"]
[Round "3"]
[TimeControl "180+2"]
[Date "2023.06.13"]
[WhiteClock "0:00:00"]
[BlackClock "0:00:16"]
[Board "20"]

1. Nf3 d6 2. d4 c5 3. dxc5 Qa5+ 4. Nc3 Qxc5 5. e4 Nf6 6. Bd3 g6 7. O-O Bg7 8. Be3 Qa5 9. Qe2 O-O 10. Rfd1 Nc6 11. a3 Bg4 12. h3 Bh5 13. b4 Qc7 14. Nd5 Nxd5 15. exd5 Bxf3 16. gxf3 Bxa1 17. dxc6 Bg7 18. cxb7 Qxb7 19. Be4 Qd7 20. Bxa8 Rxa8 21. c4 Qxh3 22. c5 dxc5 23. Bxc5 Bf6 24. Qe4 Rc8 25. Bxa7 Rc3 26. Be3 Rxa3 27. b5 Kg7 28. b6 Rb3 29. b7 Qh5 30. Rd8 Qe5 31. Qxe5 Bxe5 32. Rd7 Kf6 33. Ba7 Ke6 34. Rd8 Rxb7 35. Be3 h5 36. Kg2 f6 37. Rg8 Kf7 38. Ra8 Bd6 39. Ra4 Rb4 40. Ra6 g5 41. Ra7 Kg6 42. Ra6 Rb5 43. Bd2 Rd5 44. Be3 h4 45. Ra7 Kf5 46. Ra8 e6 47. Ra4 Rb5 48. Rc4 Be5 49. Rc6 Ra5 50. Rc4 Ra8 51. Rc6 Rh8 52. Rc5 h3+ 53. Kh1 Ra8 0-1


[Site "https://www.chess.com"]

[Event "Titled Tuesday Blitz June 13 Late 2023"]
[White "Rasulov, Vugar"]
[Black "Pakleza, Zbigniew"]
[WhiteFideId "13402390"]
[BlackFideId "1119290"]
[WhiteElo "2509"]
[BlackElo "2410"]
[Result "1-0"]
[Round "3"]
[TimeControl "180+2"]
[Date "2023.06.13"]
[WhiteClock "0:00:56"]
[BlackClock "0:00:02"]
[Board "21"]

1. d4 d6 2. e4 Nf6 3. f3 Nbd7 4. c4 e5 5. d5 Be7 6. Be3 O-O 7. Nc3 Nh5 8. Nge2 Bg5 9. Qd2 Bxe3 10. Qxe3 g6 11. O-O-O a6 12. g4 Ng7 13. h4 b5 14. h5 g5 15. h6 Ne8 16. Ng3 b4 17. Na4 Nb6 18. Nxb6 cxb6 19. Nf5 f6 20. Bd3 Qc7 21. Kb1 Bxf5 22. gxf5 Qc5 23. Qxc5 dxc5 24. d6 Nxd6 25. Be2 Rfd8 26. Rd5 Nf7 27. a3 a5 28. Bd1 Kf8 29. Ba4 Ke7 30. Bc6 Rac8 31. Rxd8 Rxd8 32. Bd5 Rg8 33. Kc2 g4 34. fxg4 Rxg4 35. axb4 cxb4 36. c5 bxc5 37. Ra1 Nxh6 38. Rxa5 Rg2+ 39. Kb3 Ng4 40. Rxc5 h5 41. Rc7+ Kd6 42. Rh7 Rh2 43. Be6 h4 44. Kc4 Ne3+ 45. Kb5 Rxb2 46. Rd7# 1-0


[Site "https://www.chess.com"]

[Event "Titled Tuesday Blitz June 13 Late 2023"]
[White "Martinez Ramirez, Lennis"]
[Black "Demidov, Mikhail"]
[WhiteFideId "3509079"]
[BlackFideId "4197143"]
[WhiteElo "2410"]
[BlackElo "2500"]
[Result "0-1"]
[Round "3"]
[TimeControl "180+2"]
[Date "2023.06.13"]
[WhiteClock "0:00:02"]
[BlackClock "0:00:09"]
[Board "22"]

1. Nf3 g6 2. c4 Bg7 3. Nc3 d6 4. e4 Bg4 5. d4 Nc6 6. d5 Nd4 7. Be2 Bxf3 8. Bxf3 e5 9. h4 h5 10. Bg5 Qd7 11. Rh3 c5 12. dxc6 bxc6 13. Ne2 Ne6 14. Qd2 Ne7 15. O-O-O Rd8 16. Kb1 Qb7 17. g4 hxg4 18. Bxg4 Nc5 19. Nc3 f5 20. Bf3 Ne6 21. exf5 gxf5 22. Rg3 e4 23. Nxe4 fxe4 24. Bxe4 Nxg5 25. hxg5 d5 26. cxd5 cxd5 27. Rb3 Qc7 28. Bd3 Rb8 29. Rc1 Qd6 30. Bb5+ Kf8 31. Rf3+ Kg8 32. Rb3 a6 33. Ba4 Rh4 34. Rxb8+ Qxb8 35. Bb3 Qf4 36. Bxd5+ Nxd5 37. Qxd5+ Kh7 38. Qd3+ Qe4 39. Qxe4+ Rxe4 40. Rh1+ Kg6 41. Kc2 Re2+ 42. Kd3 Rxb2 43. f4 Rxa2 44. Ke4 Ra4+ 45. Kf3 Kf5 46. Rb1 Rxf4+ 47. Kg3 Be5 48. Rb6 Rb4+ 0-1


[Site "https://www.chess.com"]

[Event "Titled Tuesday Blitz June 13 Late 2023"]
[White "Zhigalko, Sergei"]
[Black "Wieczorek, Oskar"]
[WhiteFideId "13502956"]
[BlackFideId "1133950"]
[WhiteElo "2626"]
[BlackElo "2418"]
[Result "1-0"]
[Round "3"]
[TimeControl "180+2"]
[Date "2023.06.13"]
[WhiteClock "0:00:11"]
[BlackClock "0:00:29"]
[Board "23"]

1. e4 g6 2. d4 Bg7 3. Nc3 b6 4. Nf3 Bb7 5. Be3 a6 6. Bd3 d6 7. O-O Nd7 8. Re1 e6 9. Ne2 h6 10. Ng3 Ne7 11. Qd2 Kf8 12. a4 Kg8 13. c3 Nf6 14. h3 Nd7 15. Rad1 Nf6 16. Qc2 Qe8 17. Bc1 Bc6 18. b3 Bb7 19. Bf1 Nd7 20. c4 Rc8 21. Bb2 a5 22. Bc3 Qf8 23. Qd2 Ra8 24. Nh2 e5 25. dxe5 Bxe5 26. Bxe5 Nxe5 27. f4 N5c6 28. Ng4 Qg7 29. f5 gxf5 30. exf5 f6 31. Nh5 Qg5 32. Nhxf6+ Kf7 33. Qe2 Ne5 34. Nxe5+ dxe5 35. Ng4 e4 36. f6 h5 37. Nf2 Qxf6 38. Nxe4 Bxe4 39. Qxe4 Rad8 40. c5 bxc5 41. Bc4+ Kg7 42. Qxe7+ Qxe7 43. Rxe7+ Kf6 44. Re6+ Kf5 45. Rf1+ 1-0


[Site "https://www.chess.com"]

[Event "Titled Tuesday Blitz June 13 Late 2023"]
[White "Kovalev, Vladislav"]
[Black "Timerkhanov, Alexander"]
[WhiteFideId "13504398"]
[BlackFideId "24177938"]
[WhiteElo "2555"]
[BlackElo "2278"]
[Result "1-0"]
[Round "3"]
[TimeControl "180+2"]
[Date "2023.06.13"]
[WhiteClock "0:00:15"]
[BlackClock "0:00:00"]
[Board "24"]

1. e4 c5 2. Nf3 d6 3. Bb5+ Nd7 4. O-O a6 5. Bd3 Ngf6 6. c3 b5 7. a4 c4 8. Be2 Bb7 9. axb5 axb5 10. Rxa8 Qxa8 11. Na3 Bc6 12. Nd4 Nxe4 13. Naxb5 Bxb5 14. Nxb5 Qc6 15. Qa4 d5 16. d4 cxd3 17. Bxd3 Nec5 18. Qc2 Nxd3 19. Qxd3 e6 20. Bf4 Be7 21. Nc7+ Kf8 22. Ra1 Bd8 23. Ra8 Ke7 24. Qg3 Nf6 25. Ra7 Kf8 26. Bd6+ Kg8 27. Ra8 Qd7 28. Be5 Nh5 29. Qg4 f6 30. Qxe6+ Qxe6 31. Nxe6 Kf7 32. Nxd8+ Kg6 33. Bc7 f5 34. g3 Nf6 35. Ra6 Re8 36. Ne6 Kf7 37. Ng5+ Kg6 38. Nf3 Kf7 39. Be5 Ne4 40. Ra7+ 1-0


[Site "https://www.chess.com"]

[Event "Titled Tuesday Blitz June 13 Late 2023"]
[White "Aravindh, Chithambaram VR."]
[Black "Martins, Bruno Andre Leite"]
[WhiteFideId "5072786"]
[BlackFideId "1942255"]
[WhiteElo "2596"]
[BlackElo "2241"]
[Result "1-0"]
[Round "3"]
[TimeControl "180+2"]
[Date "2023.06.13"]
[WhiteClock "0:00:42"]
[BlackClock "0:00:27"]
[Board "25"]

1. d4 Nf6 2. Nc3 e6 3. e4 d5 4. e5 Nfd7 5. f4 c5 6. Nf3 Nc6 7. Be3 a6 8. a3 b5 9. Ne2 Qb6 10. g3 Be7 11. Bh3 O-O 12. O-O f5 13. Kh1 b4 14. axb4 Qxb4 15. b3 cxd4 16. Nexd4 Nxd4 17. Nxd4 Nc5 18. g4 g6 19. gxf5 exf5 20. Bg2 Bb7 21. Qe2 Ne4 22. Ra4 Qc3 23. Bxe4 dxe4 24. Rc4 Qa5 25. Nc6 Bxc6 26. Rxc6 Rfc8 27. Qc4+ Kg7 28. Rxc8 Rxc8 29. Qxc8 Qc3 30. Qxc3 1-0


[Site "https://www.chess.com"]

[Event "Titled Tuesday Blitz June 13 Late 2023"]
[White "Gokerkan, Cem Kaan"]
[Black "Grigoriants, Sergey"]
[WhiteFideId "6336760"]
[BlackFideId "4130804"]
[WhiteElo "2365"]
[BlackElo "2502"]
[Result "1-0"]
[Round "3"]
[TimeControl "180+2"]
[Date "2023.06.13"]
[WhiteClock "0:02:32"]
[BlackClock "0:01:50"]
[Board "26"]

1. e4 e5 2. Nf3 Nc6 3. Bc4 Bc5 4. c3 Nf6 5. d4 exd4 6. b4 Be7 7. e5 Ne4 8. b5 d5 9. exd6 Nxd6 10. bxc6 Nxc4 11. cxb7 Bxb7 12. Qa4+ Qd7 13. Qxc4 O-O 14. O-O Qg4 15. Nbd2 Rad8 16. cxd4 Bd6 17. Rb1 Bd5 18. Qxd5 1-0


[Site "https://www.chess.com"]

[Event "Titled Tuesday Blitz June 13 Late 2023"]
[White "Fressinet, Laurent"]
[Black "Arabidze, Meri"]
[WhiteFideId "608742"]
[BlackFideId "13604040"]
[WhiteElo "2633"]
[BlackElo "2405"]
[Result "1-0"]
[Round "3"]
[TimeControl "180+2"]
[Date "2023.06.13"]
[WhiteClock "0:00:26"]
[BlackClock "0:00:06"]
[Board "27"]

1. d4 Nf6 2. Nf3 d5 3. Bg5 c5 4. Bxf6 gxf6 5. dxc5 e6 6. e3 Bxc5 7. c4 dxc4 8. Qa4+ Nc6 9. Nbd2 Bb4 10. Bxc4 O-O 11. Bb5 Bd7 12. O-O Bxd2 13. Nxd2 Ne5 14. Bxd7 Qxd7 15. Qxd7 Nxd7 16. Ne4 f5 17. Nd6 Nf6 18. Rac1 Nd5 19. Rfd1 Rad8 20. Nb5 a6 21. Nd4 Rd7 22. g3 Rfd8 23. Rc4 Nb6 24. Rb4 Nd5 25. Rb3 Nf6 26. Rc1 Ne4 27. Kg2 Kg7 28. Rb4 Kf6 29. Rbc4 h5 30. Rc8 Rxc8 31. Rxc8 e5 32. Nf3 Nd6 33. Rh8 Nc4 34. b3 Nd2 35. Rxh5 Nxf3 36. Kxf3 Kg6 37. Rh8 Rd2 38. Rb8 Rxa2 39. Rxb7 f6 40. h4 Rb2 41. Rb6 a5 42. Rb5 Rb1 43. g4 fxg4+ 44. Kxg4 Rb2 45. h5+ Kf7 46. f4 exf4 47. exf4 Ke6 48. h6 Rh2 49. Rh5 f5+ 50. Rxf5 Rxh6 51. Rxa5 Rh1 52. Ra6+ Ke7 53. b4 Rb1 54. Rb6 Kd7 55. Kf5 Kc7 56. Rb5 Kc6 57. Rc5+ Kd6 58. Rc4 Kd5 59. Rc5+ Kd4 60. Rb5 Kc4 61. Rb8 1-0


[Site "https://www.chess.com"]

[Event "Titled Tuesday Blitz June 13 Late 2023"]
[White "Sun, Rick"]
[Black "Elsa167"]
[WhiteFideId "30909481"]
[WhiteElo "2169"]
[BlackElo "2885"]
[Result "0-1"]
[Round "3"]
[TimeControl "180+2"]
[Date "2023.06.13"]
[WhiteClock "0:00:00"]
[BlackClock "0:00:25"]
[Board "28"]

1. d4 Nf6 2. Nc3 e6 3. e4 d5 4. exd5 exd5 5. Bd3 c6 6. Bg5 Bd6 7. Nge2 O-O 8. Qd2 Re8 9. h4 b5 10. h5 h6 11. Bh4 b4 12. Nd1 Be7 13. Ne3 a5 14. Ng3 Ng4 15. Bxe7 Qxe7 16. Nf1 Ba6 17. O-O-O Nxe3 18. Nxe3 Bxd3 19. Qxd3 Nd7 20. Rh3 Nf6 21. Rdh1 Qe4 22. Qd2 Qe6 23. Rf3 Ne4 24. Qd3 a4 25. Rg1 a3 26. b3 Nc3 27. g4 Nxa2+ 28. Kb1 Nc3+ 29. Ka1 Qe4 30. Qxe4 Nxe4 31. Nf5 Re6 32. Rf4 Rae8 33. g5 Nxg5 34. Rfg4 Re1+ 35. Ka2 Rxg1 36. Rxg1 Re2 37. Rg2 Rxc2+ 38. Kb1 Rb2+ 39. Kc1 Kf8 40. f4 Rxg2 41. fxg5 a2 0-1


[Site "https://www.chess.com"]

[Event "Titled Tuesday Blitz June 13 Late 2023"]
[White "Mekhitarian, Krikor Sevag"]
[Black "Zochowski, Kacper"]
[WhiteFideId "2107660"]
[BlackFideId "1125494"]
[WhiteElo "2604"]
[BlackElo "2235"]
[Result "0-1"]
[Round "3"]
[TimeControl "180+2"]
[Date "2023.06.13"]
[WhiteClock "0:00:02"]
[BlackClock "0:00:32"]
[Board "29"]

1. Nf3 d6 2. d4 Nd7 3. e4 e5 4. Nc3 Ngf6 5. Bc4 Be7 6. O-O O-O 7. Re1 c6 8. a4 Qc7 9. h3 h6 10. Be3 b6 11. Qd2 a6 12. b4 Bb7 13. Bb3 c5 14. bxc5 bxc5 15. d5 c4 16. Ba2 Nc5 17. Bxc5 Qxc5 18. Qe2 Rac8 19. Rab1 Rc7 20. Nd2 Qa3 21. Qe3 Rfc8 22. Ra1 Qb2 23. Reb1 Qxc2 24. Rc1 Qd3 25. Qe1 Nd7 26. Bb1 Qd4 27. Nf3 Qa7 28. Bc2 Nc5 29. Rd1 Qb6 30. a5 Qb2 31. Rdc1 Nb3 32. Rab1 Qa3 33. Rd1 Qxa5 34. Ne2 Qxe1+ 35. Rxe1 Nc5 36. Nc3 Bg5 37. h4 Bf6 38. g3 Nb3 39. Ne2 Nd4 40. Nexd4 exd4 41. Ba4 d3 42. Bc6 Bxc6 43. dxc6 Rxc6 44. Red1 c3 45. Rxd3 c2 0-1


[Site "https://www.chess.com"]

[Event "Titled Tuesday Blitz June 13 Late 2023"]
[White "Korkmaz, Necmettin"]
[Black "Zakhartsov, Vladimir"]
[WhiteFideId "6303285"]
[BlackFideId "4145097"]
[WhiteElo "2097"]
[BlackElo "2508"]
[Result "0-1"]
[Round "3"]
[TimeControl "180+2"]
[Date "2023.06.13"]
[WhiteClock "0:00:19"]
[BlackClock "0:00:37"]
[Board "30"]

1. e4 c5 2. Nc3 Nc6 3. f4 g6 4. Nf3 Bg7 5. Bb5 Nd4 6. O-O e6 7. e5 a6 8. Bd3 d6 9. Nxd4 cxd4 10. Ne4 dxe5 11. fxe5 Bxe5 12. Qf3 f5 13. Bc4 Qc7 14. d3 b5 15. Bb3 Bb7 16. Bxe6 Qe7 17. Bg5 fxe4 18. dxe4 Qxe6 19. Qf8+ Kd7 20. Rf7+ Kc6 21. Qg7 Bxg7 0-1


[Site "https://www.chess.com"]

[Event "Titled Tuesday Blitz June 13 Late 2023"]
[White "Wizard_of_Odds"]
[Black "Holt, Conrad"]
[BlackFideId "2034387"]
[WhiteElo "2472"]
[BlackElo "2592"]
[Result "0-1"]
[Round "3"]
[TimeControl "180+2"]
[Date "2023.06.13"]
[WhiteClock "0:00:00"]
[BlackClock "0:00:13"]
[Board "31"]

1. d4 d5 2. c4 c6 3. Nf3 Nf6 4. e3 Bf5 5. Nc3 e6 6. Nh4 Bg6 7. Be2 Nbd7 8. Bd2 Ne4 9. Nxg6 hxg6 10. Nxe4 dxe4 11. Qc2 f5 12. O-O-O Qc7 13. h3 c5 14. Bc3 cxd4 15. Bxd4 Kf7 16. g4 Bc5 17. Bc3 Rad8 18. gxf5 gxf5 19. b4 Be7 20. Rhg1 Bf6 21. c5 a5 22. a3 axb4 23. axb4 Rxh3 24. Bc4 Ne5 25. Rxd8 Qxd8 26. Bxe5 Bxe5 27. Qa2 Qe7 28. Rd1 Rh8 29. Qa7 Kf6 30. Qb6 Ra8 31. Kd2 Qd8+ 32. Ke2 Qxb6 33. cxb6 Ra4 34. Rb1 Bd6 35. Rd1 Ke7 36. Rg1 Be5 37. Rb1 Bd6 38. Rg1 Kf6 39. Rd1 Be7 40. Rb1 Bxb4 41. Bb5 Ra2+ 42. Kf1 Bc5 43. Bd7 Ra6 44. Bc8 Rxb6 45. Rxb6 Bxb6 46. Bxb7 g5 47. Kg2 g4 48. Kg3 Ba5 49. Bc8 Be1 50. Kg2 e5 51. Bb7 Kg5 52. Bc6 Bb4 53. Bb7 Bc5 54. Bc6 f4 55. exf4+ Kxf4 56. Bb7 e3 57. fxe3+ Bxe3 58. Bd5 e4 59. Bc6 Bd2 60. Kf2 Ba5 61. Kg2 Bb6 62. Bb5 Bd8 63. Be2 Bh4 64. Bd1 Be7 65. Be2 Bd6 66. Bd1 g3 67. Bb3 Ke3 68. Bc4 Kd4 69. Ba6 Ke3 70. Kf1 Kf3 71. Be2+ Ke3 72. Bc4 Kd2 73. Bb5 Bc7 74. Kg2 Ke1 75. Bc6 e3 76. Bb5 Bd6 77. Kf3 Bf4 78. Bc4 Kd2 79. Bf1 Ke1 80. Kg2 e2 81. Bxe2 Kxe2 82. Kh1 Be5 83. Kg2 Bd6 84. Kh1 Kf3 85. Kg1 Bc5+ 86. Kh1 g2+ 87. Kh2 g1=Q+ 0-1


[Site "https://www.chess.com"]

[Event "Titled Tuesday Blitz June 13 Late 2023"]
[White "Manea, Alexandru"]
[Black "Dardha, Daniel"]
[WhiteFideId "1207660"]
[BlackFideId "240990"]
[WhiteElo "2226"]
[BlackElo "2572"]
[Result "0-1"]
[Round "3"]
[TimeControl "180+2"]
[Date "2023.06.13"]
[WhiteClock "0:01:26"]
[BlackClock "0:02:06"]
[Board "32"]

1. e4 c5 2. Nc3 Nc6 3. Bb5 Nd4 4. Nf3 e6 5. O-O a6 6. Bd3 Nc6 7. Be2 Qc7 8. d4 cxd4 9. Nxd4 Nf6 10. Nxc6 bxc6 11. b3 d5 12. Bd3 Bd6 13. h3 a5 14. Bb2 O-O 15. Qe2 Be5 16. Rfe1 d4 17. Na4 c5 18. Ba3 Nd7 19. g3 Bd6 20. f4 e5 21. f5 Nb6 22. Nxb6 Qxb6 23. g4 c4 24. Bxc4 Bxa3 25. g5 d3+ 0-1


[Site "https://www.chess.com"]

[Event "Titled Tuesday Blitz June 13 Late 2023"]
[White "Hansen, Eric"]
[Black "Buchenau, Frank"]
[WhiteFideId "2606771"]
[BlackFideId "4604350"]
[WhiteElo "2561"]
[BlackElo "2157"]
[Result "1-0"]
[Round "3"]
[TimeControl "180+2"]
[Date "2023.06.13"]
[WhiteClock "0:00:35"]
[BlackClock "0:00:00"]
[Board "33"]

1. d4 e6 2. c4 Nf6 3. Nc3 Bb4 4. e3 O-O 5. Bd2 b6 6. Nge2 Bb7 7. a3 Be7 8. Nf4 c5 9. d5 e5 10. Nh5 d6 11. g4 Nxh5 12. gxh5 Nd7 13. Rg1 f5 14. Qf3 e4 15. Qg3 Bf6 16. Qxd6 Ne5 17. Qxd8 Nf3+ 18. Kd1 Raxd8 19. Rg2 b5 20. cxb5 Nxd2 21. Kxd2 Bxd5 22. Nxd5 Rxd5+ 23. Kc2 Kh8 24. Bc4 Rd6 25. Rf1 Rfd8 26. f3 Re8 27. b3 f4 28. fxe4 fxe3 29. Bd5 h6 30. Kd3 Re5 31. Kc4 Rxh5 32. Re2 Rd8 33. Rf3 Bd4 34. b4 Rc8 35. Be6 Rc7 36. Rf8+ Kh7 37. Rc8 Rxc8 38. Bxc8 Be5 39. bxc5 Bxh2 40. Be6 Bf4 41. a4 Rh1 42. a5 Rc1+ 43. Kd5 Rd1+ 44. Kc6 Rd2 45. Rxd2 exd2 46. Bg4 Kg6 47. b6 axb6 48. a6 h5 49. Bd1 1-0


[Site "https://www.chess.com"]

[Event "Titled Tuesday Blitz June 13 Late 2023"]
[White "Kabilov, Amin"]
[Black "Jumabayev, Rinat"]
[WhiteFideId "14700859"]
[BlackFideId "13702661"]
[WhiteElo "2110"]
[BlackElo "2561"]
[Result "0-1"]
[Round "3"]
[TimeControl "180+2"]
[Date "2023.06.13"]
[WhiteClock "0:00:07"]
[BlackClock "0:00:50"]
[Board "34"]

1. d4 Nf6 2. c4 e6 3. Nf3 Bb4+ 4. Bd2 a5 5. a3 Be7 6. Nc3 d5 7. cxd5 exd5 8. Bg5 c6 9. e3 Bf5 10. Bd3 Bxd3 11. Qxd3 Nbd7 12. O-O O-O 13. Rfe1 Re8 14. Rad1 a4 15. e4 dxe4 16. Nxe4 h6 17. Nxf6+ Nxf6 18. Bh4 Nd5 19. Bg3 Qb6 20. Re2 Bf6 21. Rde1 Rxe2 22. Rxe2 Rd8 23. h3 g6 24. Ne5 Kg7 25. Rd2 h5 26. Qe4 Ne7 27. Bh4 Bxh4 28. Qxh4 Nf5 29. Qf4 Rxd4 30. Rxd4 Qxd4 31. Qxd4 Nxd4 32. Nc4 b5 33. Ne3 Kf6 34. Kf1 Ke5 35. Ke1 f5 36. Kd2 f4 37. Nd1 g5 38. Kd3 g4 39. hxg4 hxg4 40. Nc3 c5 41. Ne4 c4+ 42. Kc3 Kxe4 0-1


[Site "https://www.chess.com"]

[Event "Titled Tuesday Blitz June 13 Late 2023"]
[White "Prydun, Andriy"]
[Black "Moroni, Luca Jr"]
[WhiteFideId "14145898"]
[BlackFideId "865834"]
[WhiteElo "2164"]
[BlackElo "2569"]
[Result "0-1"]
[Round "3"]
[TimeControl "180+2"]
[Date "2023.06.13"]
[WhiteClock "0:00:00"]
[BlackClock "0:00:58"]
[Board "35"]

1. e4 g6 2. d4 Bg7 3. Nc3 a6 4. a4 d6 5. g3 Nc6 6. Be3 e5 7. d5 Nce7 8. g4 f5 9. gxf5 gxf5 10. Qh5+ Kf8 11. exf5 Nf6 12. Qe2 Bxf5 13. Bg2 Qd7 14. O-O-O b5 15. axb5 axb5 16. Qxb5 Ra1+ 17. Kd2 Rxd1+ 18. Kxd1 Qxb5 19. Nxb5 Nexd5 20. c4 Nxe3+ 21. fxe3 Ng4 22. Ke2 Bh6 23. Nxc7 Nxe3 24. Bc6 Rg8 25. b4 Rg4 26. b5 Rxc4 27. Kf2 Ng4+ 28. Kg3 Rc3+ 29. Nf3 e4 30. Rf1 Ne5 31. Nd5 Rxf3+ 32. Rxf3 exf3 33. Ba8 Be4 34. b6 Nd7 35. Bc6 Nxb6 36. Nxb6 Bxc6 37. Nc4 Ke7 0-1


[Site "https://www.chess.com"]

[Event "Titled Tuesday Blitz June 13 Late 2023"]
[White "Talibov, Shiroghlan"]
[Black "FuenfgegenWilly"]
[WhiteFideId "13429078"]
[WhiteElo "2274"]
[BlackElo "2402"]
[Result "1-0"]
[Round "3"]
[TimeControl "180+2"]
[Date "2023.06.13"]
[WhiteClock "0:01:59"]
[BlackClock "0:01:25"]
[Board "36"]

1. c4 c5 2. Nc3 Nc6 3. Nf3 e5 4. g3 d6 5. Bg2 g6 6. d3 Bg7 7. O-O Nge7 8. a3 a5 9. Ne1 O-O 10. Nc2 Be6 11. Ne3 f5 12. Ned5 h6 13. f4 Kh7 14. Rb1 Nd4 15. e3 Ndc6 16. b4 axb4 17. axb4 Nxb4 18. Nxb4 cxb4 19. Nd5 Bxd5 20. cxd5 Qb6 21. Bd2 exf4 22. Rxb4 Qa6 23. gxf4 Qxd3 24. Rxb7 Nxd5 25. Bxd5 Qxd5 26. Rxg7+ 1-0


[Site "https://www.chess.com"]

[Event "Titled Tuesday Blitz June 13 Late 2023"]
[White "Kravtsiv, Martyn"]
[Black "kiwibobo"]
[WhiteFideId "14113147"]
[WhiteElo "2695"]
[BlackElo "2310"]
[Result "1-0"]
[Round "3"]
[TimeControl "180+2"]
[Date "2023.06.13"]
[WhiteClock "0:00:32"]
[BlackClock "0:00:00"]
[Board "37"]

1. e4 e5 2. Nf3 Nc6 3. Nc3 Nf6 4. a4 Bb4 5. Bd3 d6 6. O-O O-O 7. Nd5 Bc5 8. c3 a5 9. Bc2 Nd7 10. d4 Ba7 11. Bg5 f6 12. Be3 Nb6 13. Bb3 Nxd5 14. Bxd5+ Kh8 15. h3 Ne7 16. Bb3 Ng6 17. Qd2 Qe7 18. Rfe1 Be6 19. Bc2 h6 20. b4 f5 21. dxe5 Bxe3 22. Qxe3 f4 23. exd6 fxe3 24. dxe7 exf2+ 25. Kxf2 Nxe7 26. Ke3 Ng6 27. Bd3 Nf4 28. Bf1 Rad8 29. bxa5 Rf6 30. Reb1 Rdf8 31. Rxb7 Nxh3 32. Rxc7 Ng5 33. Nxg5 hxg5 34. Be2 Bb3 35. a6 Ra8 36. a7 Re6 37. Rb1 Rb6 38. Bd3 g6 39. a5 1-0


[Site "https://www.chess.com"]